Gangsters vs Remparts
(R1)
Created - 6 novembre 2016 at 22:29
Goals
|
| Gangsters |
1 |
3 |
0 |
4 |
| Remparts |
0 |
3 |
3 |
6 |
|
Shots
|
| Gangsters |
9 |
14 |
10 |
33 |
| Remparts |
6 |
15 |
12 |
33 |
|
1st period
1. Gangsters , Ben Holmstrom 1 (Colten Teubert) at 18:24
Penalties :
Janne Niskala (Que) for High sticking (Minor) at 19:25, Ty Wishart (Que) for Interference (Minor) at 19:45
2nd period
2. Remparts , Jonathan Cheechoo 3 (Rico Fata) at 3:03
3. Gangsters , Nick Foligno 3 (Artem Anisimov) at 4:03 (PP)
4. Remparts , Petr Straka 1 (Daniel Paille, Janne Niskala) at 6:45
5. Gangsters , Maxime Sauvé 4 (Dave Dziurzynski) at 8:32
6. Gangsters , Dave Dziurzynski 2 (Colten Teubert, Maxime Sauvé) at 10:29
7. Remparts , Jonathan Cheechoo 4 (Rico Fata) at 18:39
Penalties :
Pasi Salonen (Que) for Interference (Minor) at 4:02, Richard Panik (Bro) for Tripping (Minor) at 4:40, Daniel Paille (Que) for Goalie Interference (Minor) at 10:32, Daniel Paille (Que) for Interference (Minor) at 12:54, Colten Teubert (Bro) for Tripping (Minor) at 16:00, Richard Panik (Bro) for Holding (Minor) at 19:15
3rd period
8. Remparts , Jonathan Matsumoto 6 (Petr Straka) at 13:10
9. Remparts , Guillaume Desbiens 6 (Cédric Lalonde-McNicoll, Pasi Salonen) at 15:00 (PP)
10. Remparts , Rico Fata 5 (Jonathan Cheechoo, Daniel Paille) at 18:14
Penalties :
Daniel Paille (Que) for Interference (Minor) at 10:35, Nick Foligno (Bro) for Hooking (Minor) at 13:16
Goalie Stats
Mike Condon (Bro), 27 saves from 33 shots - (0,818), L, 3-3-0, 60:00 minutes
Petr Mrazek (Que), 16 saves from 16 shots - (1,000), W, 1-2-0, 29:31 minutes
Keith Kinkaid (Que), 13 saves from 17 shots - (0,765), 30:29 minutes
Players Stats for Gangsters
Player Name G A P +/- PIM S H SB GA TA FO MP PP MP PK MP
------------------------------------------------------------------------------------
Artem Anisimov 0 1 1 0 0 6 2 1 0 0 18/38 24:46 4:18 5:07
Austen Brassard 0 0 0 -2 0 1 1 0 0 0 0/0 6:21 0:00 0:00
Ben Holmstrom 1 0 1 -1 0 1 0 0 0 0 2/10 10:34 0:20 0:00
Brett Ponich 0 0 0 -2 0 0 0 0 0 0 0/0 5:08 0:00 0:00
Colten Teubert 0 2 2 1 2 3 2 1 0 2 0/0 25:15 5:01 3:47
Curtis McKenzie 0 0 0 -2 0 1 1 0 0 0 1/1 12:32 0:15 1:55
Dave Dziurzynski 1 1 2 2 0 2 3 0 0 1 0/2 16:34 3:35 1:01
Devante Smith-Pelly 0 0 0 2 0 3 0 1 0 1 0/0 15:33 3:35 0:00
Dougie Hamilton 0 0 0 1 0 0 0 0 0 0 0/0 10:21 0:00 0:12
Jonas Brodin 0 0 0 0 0 0 0 0 0 0 0/0 0:00 0:00 0:00
Matt Delahey 0 0 0 -2 0 3 1 0 1 1 0/0 18:14 3:16 2:39
Maxime Sauvé 1 1 2 2 0 5 0 0 1 1 5/12 17:17 3:35 1:44
Michael Sdao 0 0 0 -2 0 1 4 1 0 1 0/0 18:14 3:16 2:39
Morgan Ellis 0 0 0 -2 0 0 0 0 0 0 0/0 5:08 0:00 0:00
Nick Foligno 1 0 1 -1 2 4 2 1 1 0 0/0 23:53 4:16 4:11
Patrik Nemeth 0 0 0 1 0 0 0 1 0 0 0/0 11:12 0:00 1:03
Phil McRae 0 0 0 -2 0 1 1 0 0 0 0/2 7:01 0:26 0:00
Phillip Danault 0 0 0 -2 0 0 1 0 0 1 0/0 7:47 0:00 1:24
Richard Panik 0 0 0 -1 4 2 1 1 1 0 1/2 19:41 4:16 0:00
Shaun Heska 0 0 0 1 0 0 1 1 0 1 0/0 26:29 5:01 5:02
Stefan Noesen 0 0 0 -1 0 0 0 0 0 0 0/0 10:15 0:15 0:00
Players Stats for Remparts
Player Name G A P +/- PIM S H SB GA TA FO MP PP MP PK MP
------------------------------------------------------------------------------------
Brandon Gormley 0 0 0 0 0 1 0 3 0 0 0/0 27:29 5:16 5:21
Cédric Lalonde-McNicoll 0 1 1 0 0 1 4 0 0 0 10/18 18:18 3:29 3:46
Dale Weise 0 0 0 -1 0 0 1 0 0 0 0/0 6:43 0:00 0:00
Daniel Paille 0 2 2 1 6 7 4 0 1 1 1/4 21:28 4:11 1:29
Erik Gustafsson 0 0 0 2 0 0 1 0 0 1 0/0 13:32 0:00 0:21
Guillaume Desbiens 1 0 1 0 0 5 2 0 0 1 0/0 15:00 3:29 0:00
Ivan Vishnevski 0 0 0 2 0 0 2 0 0 0 0/0 13:47 0:00 0:34
Janne Niskala 0 1 1 0 2 0 0 1 1 0 0/0 20:06 2:25 3:53
Jarod Palmer 0 0 0 -1 0 0 0 0 0 0 2/2 6:43 0:00 0:00
Johannes Salmonsson 0 0 0 -1 0 1 0 2 0 0 0/0 10:34 0:01 2:35
Jonathan Cheechoo 2 1 3 2 0 3 2 0 2 0 1/2 13:02 0:01 3:04
Jonathan Matsumoto 1 0 1 1 0 7 0 0 1 0 20/35 19:45 4:11 0:12
Max Reinhart 0 0 0 2 0 0 0 1 1 1 3/3 12:57 0:01 2:26
Pasi Salonen 0 1 1 0 2 3 1 0 1 0 0/0 16:36 3:29 1:19
Petr Straka 1 1 2 1 0 1 0 0 0 0 2/2 19:14 4:11 0:00
Rico Fata 1 2 3 2 0 1 0 0 1 0 1/1 9:34 0:00 0:00
Ty Wishart 0 0 0 0 2 1 1 0 1 0 0/0 19:05 2:25 2:41
William Colbert 0 0 0 0 0 2 1 1 0 0 0/0 26:05 5:16 3:47
3 Stars
1 - Jonathan Cheechoo (Que)
2 - Rico Fata (Que)
3 - Dave Dziurzynski (Bro)
Power Play
Gangsters - 1 on 6 Attempt(s) - 16,67%
Remparts - 1 on 4 Attempt(s) - 25,00%
Penalty Kill
Gangsters - 3 on 4 Attempt(s) - 75,00%
- Score 0 goal in Penalty Kill
Remparts - 5 on 6 Attempt(s) - 83,33%
- Score 0 goal in Penalty Kill
Team Stat
Gangsters - Hits : 20 - Faceoff Wins : 27 - Blocked Shots : 8 - Penalty Minutes : 8
Remparts - Hits : 19 - Faceoff Wins : 40 - Blocked Shots : 8 - Penalty Minutes : 12
Official
Referees : Ciamaga Chris and Rehman Kyle
Linesman : Vaughan Rody and Scott Driscoll
Game Notes
Petr Mrazek enters game at 10:29 of 2nd period
13:52 of 3rd period - Remparts goal is going for a video replay. After video review, No Goal. The attacking player has interfered with a goalkeeper in his goal crease.
Finance
Level 1 -- Attendance: 1441 (72,05%) -- Ticket Income 36 025 $
Level 2 -- Attendance: 713 (71,30%) -- Ticket Income 10 695 $
Total Attendance: 2154 (71,80%)
Total Ticket Income: 46 720 $
Other Income: 2 336 $
Total Income: 49 056 $
Gangsters
5 vs 5 Forward
Center Left Wing Right Wing Time % Phy DF OF
1 Artem Anisimov Nick Foligno Richard Panik 40 1 2 2
2 Maxime Sauvé Dave Dziurzynski Devante Smith-Pelly 30 1 2 2
3 Ben Holmstrom Curtis McKenzie Stefan Noesen 20 1 2 2
4 Phil McRae Phillip Danault Austen Brassard 10 1 2 2
5 vs 5 Defense
Defense Defense Time % Phy DF OF
1 Colten Teubert Shaun Heska 40 1 2 2
2 Matt Delahey Michael Sdao 30 1 2 2
3 Patrik Nemeth Dougie Hamilton 20 1 2 2
4 Brett Ponich Morgan Ellis 10 1 2 2
PowerPlay Forward
Center Left Wing Right Wing Time % Phy DF OF
1 Artem Anisimov Nick Foligno Richard Panik 60 1 2 2
2 Maxime Sauvé Dave Dziurzynski Devante Smith-Pelly 40 1 2 2
PowerPlay Defense
Defense Defense Time % Phy DF OF
1 Colten Teubert Shaun Heska 60 1 2 2
2 Matt Delahey Michael Sdao 40 1 2 2
Penalty Kill 4 Players Forward
Center Wing Time % Phy DF OF
1 Artem Anisimov Nick Foligno 60 1 2 2
2 Maxime Sauvé Dave Dziurzynski 40 1 2 2
Penalty Kill 4 Players Defense
Defense Defense Time % Phy DF OF
1 Colten Teubert Shaun Heska 60 1 2 2
2 Matt Delahey Michael Sdao 40 1 2 2
Penalty Kill - 3 Players Forward
Forward Time % Phy DF OF
1 Artem Anisimov 60 1 2 2
2 Nick Foligno 40 1 2 2
Penalty Kill - 3 Players Defense
Defense Defense Time % Phy DF OF
1 Colten Teubert Shaun Heska 60 1 2 2
2 Matt Delahey Michael Sdao 40 1 2 2
4 vs 4 Forward
Center Wing Time % Phy DF OF
1 Artem Anisimov Nick Foligno 60 1 2 2
2 Maxime Sauvé Dave Dziurzynski 40 1 2 2
4 vs 4 Defense
Defense Defense Time % Phy DF OF
1 Colten Teubert Shaun Heska 60 1 2 2
2 Matt Delahey Michael Sdao 40 1 2 2
Last Minutes Offensive
Center Left Wing Right Wing Defense Defense
Artem Anisimov Nick Foligno Richard Panik Colten Teubert Shaun Heska
Last Minutes Defensive
Center Left Wing Right Wing Defense Defense
Artem Anisimov Nick Foligno Richard Panik Colten Teubert Shaun Heska
Goaltenders
Starting : Mike Condon
Backup : Dustin Tokarski
Extra Forwards
Normal : Ben Holmstrom, Phil McRae, Curtis McKenzie - PP : Ben Holmstrom, Phil McRae - PK : Curtis McKenzie
Extra Defensemen
Normal : Jonas Brodin, Patrik Nemeth, Dougie Hamilton - PP : Jonas Brodin - PK : Patrik Nemeth, Dougie Hamilton
Penalty Shots
Artem Anisimov, Nick Foligno, Maxime Sauvé, Dave Dziurzynski, Ben Holmstrom
Remparts
5 vs 5 Forward
Center Left Wing Right Wing Time % Phy DF OF
1 Jonathan Matsumoto Daniel Paille Petr Straka 40 0 2 3
2 Cédric Lalonde-McNicoll Pasi Salonen Guillaume Desbiens 30 0 2 3
3 Max Reinhart Rico Fata Jonathan Cheechoo 20 0 3 2
4 Jarod Palmer Johannes Salmonsson Dale Weise 10 1 2 2
5 vs 5 Defense
Defense Defense Time % Phy DF OF
1 William Colbert Brandon Gormley 40 0 2 3
2 Janne Niskala Ty Wishart 30 1 2 2
3 Ivan Vishnevski Erik Gustafsson 20 1 2 2
4 William Colbert Brandon Gormley 10 0 2 3
PowerPlay Forward
Center Left Wing Right Wing Time % Phy DF OF
1 Jonathan Matsumoto Daniel Paille Petr Straka 60 0 1 4
2 Cédric Lalonde-McNicoll Pasi Salonen Guillaume Desbiens 40 0 1 4
PowerPlay Defense
Defense Defense Time % Phy DF OF
1 William Colbert Brandon Gormley 60 0 2 3
2 Janne Niskala Ty Wishart 40 0 2 3
Penalty Kill 4 Players Forward
Center Wing Time % Phy DF OF
1 Cédric Lalonde-McNicoll Daniel Paille 60 1 4 0
2 Max Reinhart Johannes Salmonsson 40 1 4 0
Penalty Kill 4 Players Defense
Defense Defense Time % Phy DF OF
1 Brandon Gormley Janne Niskala 60 1 4 0
2 Ty Wishart William Colbert 40 1 4 0
Penalty Kill - 3 Players Forward
Forward Time % Phy DF OF
1 Daniel Paille 60 1 4 0
2 Max Reinhart 40 1 4 0
Penalty Kill - 3 Players Defense
Defense Defense Time % Phy DF OF
1 Brandon Gormley Janne Niskala 60 1 4 0
2 Ty Wishart William Colbert 40 1 4 0
4 vs 4 Forward
Center Wing Time % Phy DF OF
1 Jonathan Matsumoto Daniel Paille 60 0 2 3
2 Cédric Lalonde-McNicoll Guillaume Desbiens 40 1 2 2
4 vs 4 Defense
Defense Defense Time % Phy DF OF
1 William Colbert Brandon Gormley 60 0 2 3
2 Janne Niskala Ty Wishart 40 1 2 2
Last Minutes Offensive
Center Left Wing Right Wing Defense Defense
Jonathan Matsumoto Daniel Paille Petr Straka William Colbert Brandon Gormley
Last Minutes Defensive
Center Left Wing Right Wing Defense Defense
Cédric Lalonde-McNicoll Daniel Paille Guillaume Desbiens William Colbert Janne Niskala
Goaltenders
Starting : Keith Kinkaid
Backup : Petr Mrazek
Extra Forwards
Normal : Pasi Salonen, Daniel Paille, Petr Straka - PP : Petr Straka, Daniel Paille - PK : Jonathan Cheechoo
Extra Defensemen
Normal : William Colbert, Brandon Gormley, Ty Wishart - PP : Ty Wishart - PK : Brandon Gormley, Ty Wishart
Penalty Shots
Pasi Salonen, Jonathan Matsumoto, Jonathan Cheechoo, Rico Fata, Jarod Palmer
% Time on Ice - Gangsters
Lines # - Real PCT - Wanted PCT - Time Play
Normal Forward
1 - 36% - 40% - 15:43
2 - 27% - 30% - 11:58
3 - 23% - 20% - 10:00
4 - 14% - 10% - 6:21
Normal Defense
1 - 37% - 40% - 16:26
2 - 28% - 30% - 12:19
3 - 23% - 20% - 10:09
4 - 12% - 10% - 5:08
PP Forward
1 - 57% - 60% - 4:42
2 - 43% - 40% - 3:35
PP Defense
1 - 61% - 60% - 5:01
2 - 39% - 40% - 3:16
PK Forward
1 - 87% - 60% - 6:40
2 - 13% - 40% - 1:01
PK Defense
1 - 66% - 60% - 5:02
2 - 34% - 40% - 2:39
PK3 Forward
1 - 0% - 60%
2 - 0% - 40%
PK3 Defense
1 - 0% - 60%
2 - 0% - 40%
44 Forward
1 - 0% - 60%
2 - 0% - 40%
44 Defense
1 - 0% - 60%
2 - 0% - 40%
Last Minute Offensive - 0:00
Last Minute Defensive - 0:00
Total
Forward - 60:00
Defense - 60:00
|
% Time on Ice - Remparts
Lines # - Real PCT - Wanted PCT - Time Play
Normal Forward
1 - 38% - 40% - 16:44
2 - 25% - 30% - 11:01
3 - 22% - 20% - 9:34
4 - 15% - 10% - 6:43
Normal Defense
1 - 37% - 40% - 16:05
2 - 31% - 30% - 13:44
3 - 30% - 20% - 13:11
4 - 2% - 10% - 1:02
PP Forward
1 - 55% - 60% - 4:12
2 - 45% - 40% - 3:29
PP Defense
1 - 69% - 60% - 5:16
2 - 31% - 40% - 2:25
PK Forward
1 - 99% - 60% - 6:34
2 - 1% - 40% - 0:04
PK Defense
1 - 64% - 60% - 4:16
2 - 36% - 40% - 2:22
PK3 Forward
1 - 78% - 60% - 1:17
2 - 22% - 40% - 0:22
PK3 Defense
1 - 100% - 60% - 1:39
2 - 0% - 40% - 0:00
44 Forward
1 - 0% - 60%
2 - 0% - 40%
44 Defense
1 - 0% - 60%
2 - 0% - 40%
Last Minute Offensive - 0:00
Last Minute Defensive - 0:00
Total
Forward - 60:00
Defense - 60:00
|
Play by Play
1st period
0:01 of 1st period - Artem Anisimov wins face-off versus Jonathan Matsumoto in neutral zone.
0:39 of 1st period - Snap shot by Maxime Sauvé.
0:39 of 1st period - Shot Blocked by Brandon Gormley.
0:46 of 1st period - Icing by Brandon Gormley.
0:47 of 1st period - Cédric Lalonde-McNicoll wins face-off versus Ben Holmstrom in Remparts zone.
1:02 of 1st period - Snap shot by Rico Fata.
1:02 of 1st period - Deflect By Jonathan Cheechoo.
1:02 of 1st period - Shot Misses the Net.
1:02 of 1st period - Puck is out of play.
1:03 of 1st period - Jarod Palmer wins face-off versus Phil McRae in Gangsters zone.
2:32 of 1st period - Snap shot by Jonathan Cheechoo.
2:32 of 1st period - Stopped by Mike Condon without a rebound.
2:33 of 1st period - Jonathan Matsumoto wins face-off versus Dave Dziurzynski in Gangsters zone.
2:47 of 1st period - Slapshot by Maxime Sauvé.
2:47 of 1st period - Stopped by Keith Kinkaid without a rebound.
2:48 of 1st period - Cédric Lalonde-McNicoll wins face-off versus Ben Holmstrom in Remparts zone.
2:53 of 1st period - Wrist shot by Guillaume Desbiens.
2:53 of 1st period - Shot Misses the Net.
3:01 of 1st period - Slapshot by Colten Teubert.
3:01 of 1st period - Stopped by Keith Kinkaid with a rebound.
3:15 of 1st period - Shaun Heska is hit by Dale Weise and loses puck.
6:17 of 1st period - Ty Wishart is hit by Nick Foligno and loses puck.
6:44 of 1st period - Snap shot by Phil McRae.
6:44 of 1st period - Shot Misses the Net.
7:27 of 1st period - Snap shot by Maxime Sauvé.
7:27 of 1st period - Stopped by Keith Kinkaid without a rebound.
7:28 of 1st period - Artem Anisimov wins face-off versus Cédric Lalonde-McNicoll in Remparts zone.
7:29 of 1st period - Wrist shot by Nick Foligno.
7:29 of 1st period - Shot Misses the Net.
7:31 of 1st period - Wrist shot by Richard Panik.
7:31 of 1st period - Stopped by Keith Kinkaid with a rebound.
7:33 of 1st period - Slapshot by Michael Sdao.
7:33 of 1st period - Stopped by Keith Kinkaid without a rebound.
7:34 of 1st period - Cédric Lalonde-McNicoll wins face-off versus Artem Anisimov in Remparts zone.
7:39 of 1st period - Wrist shot by Pasi Salonen.
7:39 of 1st period - Shot Blocked by Michael Sdao.
8:46 of 1st period - William Colbert is hit by Matt Delahey.
9:51 of 1st period - Brandon Gormley is hit by Artem Anisimov.
9:55 of 1st period - Slapshot by Nick Foligno.
9:55 of 1st period - Stopped by Keith Kinkaid without a rebound.
9:56 of 1st period - Maxime Sauvé wins face-off versus Daniel Paille in Remparts zone.
10:29 of 1st period - Snap shot by Johannes Salmonsson.
10:29 of 1st period - Stopped by Mike Condon without a rebound.
10:30 of 1st period - Jonathan Matsumoto wins face-off versus Ben Holmstrom in Gangsters zone.
10:37 of 1st period - Wrist shot by Daniel Paille.
10:37 of 1st period - Stopped by Mike Condon without a rebound.
10:38 of 1st period - Ben Holmstrom wins face-off versus Jonathan Matsumoto in Gangsters zone.
11:25 of 1st period - Wrist shot by Phil McRae.
11:25 of 1st period - Stopped by Keith Kinkaid with a rebound.
12:33 of 1st period - Jonathan Cheechoo is hit by Dave Dziurzynski and loses puck.
14:47 of 1st period - Maxime Sauvé is hit by Guillaume Desbiens and loses puck.
15:15 of 1st period - Jonathan Matsumoto is hit by Curtis McKenzie and loses puck.
16:06 of 1st period - Rico Fata is hit by Colten Teubert and loses puck.
16:27 of 1st period - Icing by Daniel Paille.
16:28 of 1st period - Jonathan Matsumoto wins face-off versus Artem Anisimov in Remparts zone.
17:28 of 1st period - Wrist shot by Jonathan Matsumoto.
17:28 of 1st period - Shot Misses the Net.
18:16 of 1st period - Wrist shot by Ben Holmstrom.
18:16 of 1st period - Shot Misses the Net.
18:24 of 1st period - Wrist shot by Ben Holmstrom.
18:24 of 1st period - Goal by Ben Holmstrom - Gangsters : 1 - Remparts : 0.
18:25 of 1st period - Maxime Sauvé wins face-off versus Jonathan Matsumoto in neutral zone.
18:32 of 1st period - Slapshot by Jonathan Matsumoto.
18:32 of 1st period - Stopped by Mike Condon with a rebound.
18:34 of 1st period - Backhand shot by Jonathan Matsumoto.
18:34 of 1st period - Stopped by Mike Condon with a rebound.
18:36 of 1st period - Snap shot by Daniel Paille.
18:36 of 1st period - Shot Misses the Net.
18:38 of 1st period - Slapshot by William Colbert.
18:38 of 1st period - Shot Blocked by Shaun Heska.
18:40 of 1st period - Slapshot by Brandon Gormley.
18:40 of 1st period - Deflect By Devante Smith-Pelly.
18:40 of 1st period - Stopped by Mike Condon with a rebound.
18:50 of 1st period - Richard Panik is hit by Guillaume Desbiens and loses puck.
19:15 of 1st period - Matt Delahey is hit by Jonathan Cheechoo and loses puck.
19:25 of 1st period - Minor Penalty to Janne Niskala for High sticking.
19:26 of 1st period - Richard Panik wins face-off versus Daniel Paille in Remparts zone.
19:30 of 1st period - Backhand shot by Artem Anisimov.
19:30 of 1st period - Stopped by Keith Kinkaid with a rebound.
19:45 of 1st period - Minor Penalty to Ty Wishart for Interference.
19:46 of 1st period - Artem Anisimov wins face-off versus Daniel Paille in Remparts zone.
19:47 of 1st period - Snap shot by Nick Foligno.
19:47 of 1st period - Shot Misses the Net.
Goals for this period are 1 for Gangsters vs 0 for Remparts.
Shots for this period are 9 for Gangsters vs 6 for Remparts.
2nd period
0:01 of 2nd period - Daniel Paille wins face-off versus Artem Anisimov in neutral zone.
0:04 of 2nd period - Colten Teubert is hit by Daniel Paille and loses puck.
0:15 of 2nd period - Wrist shot by Artem Anisimov.
0:15 of 2nd period - Stopped by Keith Kinkaid with a rebound.
1:25 of 2nd period - Penalty to Janne Niskala is over, Janne Niskala is back on ice.
1:45 of 2nd period - Penalty to Ty Wishart is over, Ty Wishart is back on ice.
1:54 of 2nd period - Slapshot by Dougie Hamilton.
1:54 of 2nd period - Shot Blocked by Johannes Salmonsson.
2:12 of 2nd period - Phillip Danault is hit by Pasi Salonen and loses puck.
3:01 of 2nd period - Snap shot by Rico Fata.
3:01 of 2nd period - Deflect By Phil McRae.
3:01 of 2nd period - Shot Misses the Net.
3:01 of 2nd period - Puck is out of play.
3:02 of 2nd period - Rico Fata wins face-off versus Phil McRae in Gangsters zone.
3:03 of 2nd period - Slapshot by Jonathan Cheechoo.
3:03 of 2nd period - Goal by Jonathan Cheechoo - Gangsters : 1 - Remparts : 1.
3:04 of 2nd period - Artem Anisimov wins face-off versus Jonathan Matsumoto in neutral zone.
3:08 of 2nd period - Off-side.
3:09 of 2nd period - Artem Anisimov wins face-off versus Jonathan Matsumoto in neutral zone.
3:45 of 2nd period - Wrist shot by Artem Anisimov.
3:45 of 2nd period - Shot Misses the Net.
3:47 of 2nd period - Slapshot by Colten Teubert.
3:47 of 2nd period - Stopped by Keith Kinkaid with a rebound.
3:49 of 2nd period - Wrist shot by Artem Anisimov.
3:49 of 2nd period - Shot Misses the Net.
3:51 of 2nd period - Slapshot by Artem Anisimov.
3:51 of 2nd period - Stopped by Keith Kinkaid without a rebound.
3:52 of 2nd period - Maxime Sauvé wins face-off versus Cédric Lalonde-McNicoll in Remparts zone.
4:02 of 2nd period - Minor Penalty to Pasi Salonen for Interference.
4:03 of 2nd period - Artem Anisimov wins face-off versus Cédric Lalonde-McNicoll in Remparts zone.
4:03 of 2nd period - Snap shot by Nick Foligno.
4:03 of 2nd period - Goal by Nick Foligno - Gangsters : 2 - Remparts : 1.
4:04 of 2nd period - Maxime Sauvé wins face-off versus Jonathan Matsumoto in neutral zone.
4:15 of 2nd period - Wrist shot by Maxime Sauvé.
4:15 of 2nd period - Stopped by Keith Kinkaid without a rebound.
4:16 of 2nd period - Petr Straka wins face-off versus Dave Dziurzynski in Remparts zone.
4:16 of 2nd period - Petr Straka is hit by Dave Dziurzynski.
4:22 of 2nd period - Snap shot by Daniel Paille.
4:22 of 2nd period - Shot Blocked by Devante Smith-Pelly.
4:27 of 2nd period - Icing by Colten Teubert.
4:28 of 2nd period - Jonathan Matsumoto wins face-off versus Maxime Sauvé in Gangsters zone.
4:31 of 2nd period - Snap shot by Daniel Paille.
4:31 of 2nd period - Stopped by Mike Condon without a rebound.
4:32 of 2nd period - Jonathan Matsumoto wins face-off versus Artem Anisimov in Gangsters zone.
4:40 of 2nd period - Minor Penalty to Richard Panik for Tripping.
4:41 of 2nd period - Artem Anisimov wins face-off versus Jonathan Matsumoto in Gangsters zone.
4:53 of 2nd period - Slapshot by William Colbert.
4:53 of 2nd period - Deflect By Jonathan Matsumoto.
4:53 of 2nd period - Stopped by Mike Condon without a rebound.
4:54 of 2nd period - Artem Anisimov wins face-off versus Jonathan Matsumoto in Gangsters zone.
5:05 of 2nd period - Slapshot by William Colbert.
5:05 of 2nd period - Stopped by Mike Condon without a rebound.
5:06 of 2nd period - Artem Anisimov wins face-off versus Jonathan Matsumoto in Gangsters zone.
5:59 of 2nd period - Snap shot by Guillaume Desbiens.
5:59 of 2nd period - Stopped by Mike Condon with a rebound.
6:13 of 2nd period - Slapshot by Pasi Salonen.
6:13 of 2nd period - Stopped by Mike Condon with a rebound.
6:35 of 2nd period - Wrist shot by Guillaume Desbiens.
6:35 of 2nd period - Deflect By Pasi Salonen.
6:35 of 2nd period - Shot Misses the Net.
6:35 of 2nd period - Puck is out of play.
6:36 of 2nd period - Curtis McKenzie wins face-off versus Jonathan Matsumoto in Gangsters zone.
6:40 of 2nd period - Penalty to Richard Panik is over, Richard Panik is back on ice.
6:43 of 2nd period - Backhand shot by Daniel Paille.
6:43 of 2nd period - Stopped by Mike Condon with a rebound.
6:45 of 2nd period - Snap shot by Petr Straka.
6:45 of 2nd period - Goal by Petr Straka - Gangsters : 2 - Remparts : 2.
6:46 of 2nd period - Jonathan Matsumoto wins face-off versus Maxime Sauvé in neutral zone.
7:36 of 2nd period - Pasi Salonen is hit by Phillip Danault and loses puck.
8:09 of 2nd period - Maxime Sauvé is hit by Ivan Vishnevski and loses puck.
8:32 of 2nd period - Slapshot by Maxime Sauvé.
8:32 of 2nd period - Goal by Maxime Sauvé - Gangsters : 3 - Remparts : 2.
8:33 of 2nd period - Jonathan Matsumoto wins face-off versus Artem Anisimov in neutral zone.
8:38 of 2nd period - Snap shot by Jonathan Matsumoto.
8:38 of 2nd period - Stopped by Mike Condon with a rebound.
8:44 of 2nd period - Snap shot by Daniel Paille.
8:44 of 2nd period - Stopped by Mike Condon without a rebound.
8:45 of 2nd period - Artem Anisimov wins face-off versus Jonathan Matsumoto in Gangsters zone.
8:56 of 2nd period - Wrist shot by Daniel Paille.
8:56 of 2nd period - Stopped by Mike Condon with a rebound.
8:58 of 2nd period - Wrist shot by Daniel Paille.
8:58 of 2nd period - Stopped by Mike Condon without a rebound.
8:59 of 2nd period - Jonathan Matsumoto wins face-off versus Maxime Sauvé in Gangsters zone.
9:08 of 2nd period - Daniel Paille is hit by Dave Dziurzynski and loses puck.
9:35 of 2nd period - Backhand shot by Pasi Salonen.
9:35 of 2nd period - Stopped by Mike Condon without a rebound.
9:36 of 2nd period - Ben Holmstrom wins face-off versus Cédric Lalonde-McNicoll in Gangsters zone.
9:41 of 2nd period - Slapshot by Matt Delahey.
9:41 of 2nd period - Stopped by Keith Kinkaid with a rebound.
9:49 of 2nd period - Michael Sdao is hit by Cédric Lalonde-McNicoll and loses puck.
10:04 of 2nd period - Wrist shot by Nick Foligno.
10:04 of 2nd period - Shot Misses the Net.
10:25 of 2nd period - Snap shot by Maxime Sauvé.
10:25 of 2nd period - Shot Misses the Net.
10:29 of 2nd period - Slapshot by Dave Dziurzynski.
10:29 of 2nd period - Goal by Dave Dziurzynski - Gangsters : 4 - Remparts : 2.
10:29 of 2nd period - Petr Mrazek enters game.
10:30 of 2nd period - Jonathan Matsumoto wins face-off versus Artem Anisimov in neutral zone.
10:32 of 2nd period - Minor Penalty to Daniel Paille for Goalie Interference.
10:33 of 2nd period - Artem Anisimov wins face-off versus Cédric Lalonde-McNicoll in Remparts zone.
10:39 of 2nd period - Snap shot by Artem Anisimov.
10:39 of 2nd period - Stopped by Petr Mrazek without a rebound.
10:40 of 2nd period - Cédric Lalonde-McNicoll wins face-off versus Richard Panik in Remparts zone.
10:48 of 2nd period - Slapshot by Colten Teubert.
10:48 of 2nd period - Shot Blocked by Brandon Gormley.
10:50 of 2nd period - Slapshot by Colten Teubert.
10:50 of 2nd period - Stopped by Petr Mrazek without a rebound.
10:51 of 2nd period - Cédric Lalonde-McNicoll wins face-off versus Artem Anisimov in Remparts zone.
10:51 of 2nd period - Cédric Lalonde-McNicoll is hit by Artem Anisimov.
11:17 of 2nd period - Dave Dziurzynski is hit by Cédric Lalonde-McNicoll and loses puck.
12:32 of 2nd period - Penalty to Daniel Paille is over, Daniel Paille is back on ice.
12:42 of 2nd period - Daniel Paille is hit by Shaun Heska and loses puck.
12:54 of 2nd period - Minor Penalty to Daniel Paille for Interference.
12:55 of 2nd period - Cédric Lalonde-McNicoll wins face-off versus Artem Anisimov in Remparts zone.
12:55 of 2nd period - Cédric Lalonde-McNicoll is hit by Richard Panik.
13:20 of 2nd period - Dave Dziurzynski is hit by Cédric Lalonde-McNicoll and loses puck.
13:42 of 2nd period - Slapshot by Ty Wishart.
13:42 of 2nd period - Shot Misses the Net.
14:36 of 2nd period - Janne Niskala is hit by Michael Sdao and loses puck.
14:54 of 2nd period - Penalty to Daniel Paille is over, Daniel Paille is back on ice.
15:15 of 2nd period - Snap shot by Pasi Salonen.
15:15 of 2nd period - Deflect By Ben Holmstrom.
15:15 of 2nd period - Shot Misses the Net.
15:15 of 2nd period - Puck is out of play.
15:16 of 2nd period - Jarod Palmer wins face-off versus Ben Holmstrom in Gangsters zone.
15:39 of 2nd period - Wrist shot by Petr Straka.
15:39 of 2nd period - Shot Misses the Net.
15:41 of 2nd period - Wrist shot by Daniel Paille.
15:41 of 2nd period - Stopped by Mike Condon with a rebound.
15:43 of 2nd period - Backhand shot by William Colbert.
15:43 of 2nd period - Deflect By Petr Straka.
15:43 of 2nd period - Shot Misses the Net.
15:43 of 2nd period - Puck is out of play.
15:44 of 2nd period - Cédric Lalonde-McNicoll wins face-off versus Artem Anisimov in Gangsters zone.
15:51 of 2nd period - Off-side.
15:52 of 2nd period - Artem Anisimov wins face-off versus Cédric Lalonde-McNicoll in neutral zone.
15:59 of 2nd period - Slapshot by Artem Anisimov.
15:59 of 2nd period - Stopped by Petr Mrazek with a rebound.
16:00 of 2nd period - Minor Penalty to Colten Teubert for Tripping.
16:01 of 2nd period - Jonathan Matsumoto wins face-off versus Artem Anisimov in Gangsters zone.
18:00 of 2nd period - Penalty to Colten Teubert is over, Colten Teubert is back on ice.
18:01 of 2nd period - Icing by Ty Wishart.
18:02 of 2nd period - Max Reinhart wins face-off versus Maxime Sauvé in Remparts zone.
18:07 of 2nd period - Maxime Sauvé is hit by Jonathan Cheechoo.
18:39 of 2nd period - Snap shot by Jonathan Cheechoo.
18:39 of 2nd period - Goal by Jonathan Cheechoo - Gangsters : 4 - Remparts : 3.
18:40 of 2nd period - Artem Anisimov wins face-off versus Jonathan Matsumoto in neutral zone.
18:49 of 2nd period - Wrist shot by Artem Anisimov.
18:49 of 2nd period - Stopped by Petr Mrazek with a rebound.
18:51 of 2nd period - Snap shot by Richard Panik.
18:51 of 2nd period - Deflect By Daniel Paille.
18:51 of 2nd period - Stopped by Petr Mrazek with a rebound.
18:53 of 2nd period - Snap shot by Nick Foligno.
18:53 of 2nd period - Stopped by Petr Mrazek without a rebound.
18:54 of 2nd period - Jonathan Matsumoto wins face-off versus Artem Anisimov in Remparts zone.
19:15 of 2nd period - Minor Penalty to Richard Panik for Holding.
19:16 of 2nd period - Artem Anisimov wins face-off versus Jonathan Matsumoto in Gangsters zone.
19:24 of 2nd period - Icing by Petr Straka.
19:25 of 2nd period - Jonathan Matsumoto wins face-off versus Artem Anisimov in Remparts zone.
19:30 of 2nd period - Slapshot by Brandon Gormley.
19:30 of 2nd period - Shot Blocked by Artem Anisimov.
19:42 of 2nd period - Artem Anisimov is hit by Daniel Paille and loses puck.
19:53 of 2nd period - Wrist shot by William Colbert.
19:53 of 2nd period - Shot Misses the Net.
Goals for this period are 3 for Gangsters vs 3 for Remparts.
Shots for this period are 14 for Gangsters vs 15 for Remparts.
3rd period
0:01 of 3rd period - Jonathan Matsumoto wins face-off versus Artem Anisimov in neutral zone.
0:32 of 3rd period - Snap shot by Guillaume Desbiens.
0:32 of 3rd period - Stopped by Mike Condon without a rebound.
0:33 of 3rd period - Cédric Lalonde-McNicoll wins face-off versus Artem Anisimov in Gangsters zone.
0:38 of 3rd period - Wrist shot by Guillaume Desbiens.
0:38 of 3rd period - Stopped by Mike Condon with a rebound.
0:40 of 3rd period - Slapshot by Ty Wishart.
0:40 of 3rd period - Stopped by Mike Condon with a rebound.
0:42 of 3rd period - Snap shot by Pasi Salonen.
0:42 of 3rd period - Deflect By Cédric Lalonde-McNicoll.
0:42 of 3rd period - Stopped by Mike Condon without a rebound.
0:43 of 3rd period - Jonathan Matsumoto wins face-off versus Artem Anisimov in Gangsters zone.
0:52 of 3rd period - Slapshot by Jonathan Matsumoto.
0:52 of 3rd period - Shot Misses the Net.
0:54 of 3rd period - Snap shot by Daniel Paille.
0:54 of 3rd period - Shot Misses the Net.
0:56 of 3rd period - Wrist shot by Jonathan Matsumoto.
0:56 of 3rd period - Stopped by Mike Condon without a rebound.
0:57 of 3rd period - Jonathan Matsumoto wins face-off versus Artem Anisimov in Gangsters zone.
1:08 of 3rd period - Snap shot by Daniel Paille.
1:08 of 3rd period - Shot Misses the Net.
1:10 of 3rd period - Slapshot by Brandon Gormley.
1:10 of 3rd period - Deflect By Daniel Paille.
1:10 of 3rd period - Shot Misses the Net.
1:10 of 3rd period - Puck is out of play.
1:11 of 3rd period - Jonathan Matsumoto wins face-off versus Artem Anisimov in Gangsters zone.
1:15 of 3rd period - Penalty to Richard Panik is over, Richard Panik is back on ice.
1:18 of 3rd period - Snap shot by Jonathan Matsumoto.
1:18 of 3rd period - Shot Blocked by Nick Foligno.
1:36 of 3rd period - Richard Panik is hit by William Colbert and loses puck.
2:03 of 3rd period - Pasi Salonen is hit by Michael Sdao and loses puck.
2:18 of 3rd period - Patrik Nemeth is hit by Ty Wishart and loses puck.
2:46 of 3rd period - Wrist shot by Phil McRae.
2:46 of 3rd period - Shot Misses the Net.
2:48 of 3rd period - Wrist shot by Phil McRae.
2:48 of 3rd period - Shot Misses the Net.
2:50 of 3rd period - Snap shot by Austen Brassard.
2:50 of 3rd period - Shot Blocked by Johannes Salmonsson.
2:52 of 3rd period - Snap shot by Patrik Nemeth.
2:52 of 3rd period - Shot Misses the Net.
3:38 of 3rd period - Artem Anisimov is hit by Erik Gustafsson and loses puck.
3:55 of 3rd period - Curtis McKenzie is hit by Ivan Vishnevski and loses puck.
4:10 of 3rd period - Wrist shot by Devante Smith-Pelly.
4:10 of 3rd period - Stopped by Petr Mrazek without a rebound.
4:11 of 3rd period - Maxime Sauvé wins face-off versus Cédric Lalonde-McNicoll in Remparts zone.
4:42 of 3rd period - Icing by Matt Delahey.
4:43 of 3rd period - Jonathan Cheechoo wins face-off versus Maxime Sauvé in Gangsters zone.
4:52 of 3rd period - Slapshot by Matt Delahey.
4:52 of 3rd period - Shot Blocked by Janne Niskala.
4:54 of 3rd period - Wrist shot by Matt Delahey.
4:54 of 3rd period - Stopped by Petr Mrazek with a rebound.
4:56 of 3rd period - Wrist shot by Devante Smith-Pelly.
4:56 of 3rd period - Shot Misses the Net.
4:58 of 3rd period - Wrist shot by Dave Dziurzynski.
4:58 of 3rd period - Stopped by Petr Mrazek with a rebound.
5:00 of 3rd period - Wrist shot by Maxime Sauvé.
5:00 of 3rd period - Stopped by Petr Mrazek with a rebound.
5:02 of 3rd period - Wrist shot by Dave Dziurzynski.
5:02 of 3rd period - Shot Misses the Net.
5:04 of 3rd period - Wrist shot by Devante Smith-Pelly.
5:04 of 3rd period - Stopped by Petr Mrazek with a rebound.
5:28 of 3rd period - Slapshot by Maxime Sauvé.
5:28 of 3rd period - Shot Misses the Net.
5:30 of 3rd period - Wrist shot by Devante Smith-Pelly.
5:30 of 3rd period - Stopped by Petr Mrazek with a rebound.
5:32 of 3rd period - Backhand shot by Matt Delahey.
5:32 of 3rd period - Stopped by Petr Mrazek with a rebound.
5:34 of 3rd period - Slapshot by Devante Smith-Pelly.
5:34 of 3rd period - Deflect By Dave Dziurzynski.
5:34 of 3rd period - Shot Misses the Net.
5:34 of 3rd period - Puck is out of play.
5:35 of 3rd period - Jonathan Matsumoto wins face-off versus Artem Anisimov in Remparts zone.
6:02 of 3rd period - Brandon Gormley is hit by Colten Teubert and loses puck.
6:11 of 3rd period - Snap shot by Cédric Lalonde-McNicoll.
6:11 of 3rd period - Shot Misses the Net.
6:13 of 3rd period - Snap shot by Guillaume Desbiens.
6:13 of 3rd period - Stopped by Mike Condon without a rebound.
6:14 of 3rd period - Cédric Lalonde-McNicoll wins face-off versus Artem Anisimov in Gangsters zone.
6:38 of 3rd period - Ivan Vishnevski is hit by Michael Sdao and loses puck.
7:23 of 3rd period - Wrist shot by Nick Foligno.
7:23 of 3rd period - Shot Blocked by Brandon Gormley.
7:59 of 3rd period - Snap shot by Dave Dziurzynski.
7:59 of 3rd period - Deflect By Devante Smith-Pelly.
7:59 of 3rd period - Shot Misses the Net.
7:59 of 3rd period - Puck is out of play.
8:00 of 3rd period - Petr Straka wins face-off versus Maxime Sauvé in Remparts zone.
8:38 of 3rd period - Slapshot by Curtis McKenzie.
8:38 of 3rd period - Stopped by Petr Mrazek without a rebound.
8:39 of 3rd period - Artem Anisimov wins face-off versus Cédric Lalonde-McNicoll in Remparts zone.
9:19 of 3rd period - Johannes Salmonsson is hit by Nick Foligno.
10:17 of 3rd period - Snap shot by Jonathan Matsumoto.
10:17 of 3rd period - Shot Misses the Net.
10:19 of 3rd period - Wrist shot by Janne Niskala.
10:19 of 3rd period - Shot Blocked by Patrik Nemeth.
10:21 of 3rd period - Slapshot by Ty Wishart.
10:21 of 3rd period - Deflect By Petr Straka.
10:21 of 3rd period - Shot Hit the Post.
10:21 of 3rd period - Puck is out of play.
10:22 of 3rd period - Jonathan Matsumoto wins face-off versus Ben Holmstrom in Gangsters zone.
10:33 of 3rd period - Slapshot by Shaun Heska.
10:33 of 3rd period - Shot Misses the Net.
10:35 of 3rd period - Minor Penalty to Daniel Paille for Interference.
10:36 of 3rd period - Cédric Lalonde-McNicoll wins face-off versus Maxime Sauvé in Remparts zone.
12:27 of 3rd period - Devante Smith-Pelly is hit by Cédric Lalonde-McNicoll and loses puck.
12:35 of 3rd period - Penalty to Daniel Paille is over, Daniel Paille is back on ice.
12:38 of 3rd period - Johannes Salmonsson is hit by Phil McRae.
12:46 of 3rd period - Snap shot by Phil McRae.
12:46 of 3rd period - Shot Misses the Net.
12:56 of 3rd period - Slapshot by Dougie Hamilton.
12:56 of 3rd period - Shot Misses the Net.
12:58 of 3rd period - Wrist shot by Stefan Noesen.
12:58 of 3rd period - Deflect By Ben Holmstrom.
12:58 of 3rd period - Shot Misses the Net.
12:58 of 3rd period - Puck is out of play.
12:59 of 3rd period - Jonathan Matsumoto wins face-off versus Ben Holmstrom in Remparts zone.
13:10 of 3rd period - Snap shot by Jonathan Matsumoto.
13:10 of 3rd period - Goal by Jonathan Matsumoto - Gangsters : 4 - Remparts : 4.
13:11 of 3rd period - Jonathan Matsumoto wins face-off versus Artem Anisimov in neutral zone.
13:14 of 3rd period - Slapshot by Brandon Gormley.
13:14 of 3rd period - Deflect By Jonathan Matsumoto.
13:14 of 3rd period - Stopped by Mike Condon with a rebound.
13:16 of 3rd period - Minor Penalty to Nick Foligno for Hooking.
13:17 of 3rd period - Artem Anisimov wins face-off versus Jonathan Matsumoto in Gangsters zone.
13:50 of 3rd period - Snap shot by Guillaume Desbiens.
13:50 of 3rd period - Shot Blocked by Colten Teubert.
13:52 of 3rd period - Slapshot by William Colbert.
13:52 of 3rd period - Remparts goal is going for a video replay.
13:52 of 3rd period - The goal is refused. The attacking player has interfered with a goalkeeper in his goal crease..
13:53 of 3rd period - Artem Anisimov wins face-off versus Jonathan Matsumoto in Gangsters zone.
14:11 of 3rd period - Matt Delahey is hit by Daniel Paille and loses puck.
15:00 of 3rd period - Wrist shot by Guillaume Desbiens.
15:00 of 3rd period - Goal by Guillaume Desbiens - Gangsters : 4 - Remparts : 5.
15:01 of 3rd period - Artem Anisimov wins face-off versus Jonathan Cheechoo in neutral zone.
15:09 of 3rd period - Wrist shot by Nick Foligno.
15:09 of 3rd period - Stopped by Petr Mrazek with a rebound.
15:11 of 3rd period - Snap shot by Nick Foligno.
15:11 of 3rd period - Deflect By Artem Anisimov.
15:11 of 3rd period - Shot Blocked by Max Reinhart.
15:11 of 3rd period - Puck is out of play.
15:12 of 3rd period - Max Reinhart wins face-off versus Ben Holmstrom in Remparts zone.
15:17 of 3rd period - Wrist shot by Ben Holmstrom.
15:17 of 3rd period - Shot Misses the Net.
15:19 of 3rd period - Snap shot by Colten Teubert.
15:19 of 3rd period - Shot Blocked by William Colbert.
15:39 of 3rd period - Artem Anisimov is hit by Daniel Paille and loses puck.
16:39 of 3rd period - Max Reinhart is hit by Austen Brassard and loses puck.
16:44 of 3rd period - Slapshot by Dougie Hamilton.
16:44 of 3rd period - Shot Misses the Net.
16:46 of 3rd period - Wrist shot by Phil McRae.
16:46 of 3rd period - Shot Misses the Net.
16:50 of 3rd period - Wrist shot by Austen Brassard.
16:50 of 3rd period - Stopped by Petr Mrazek with a rebound.
17:52 of 3rd period - Ty Wishart is hit by Michael Sdao.
18:14 of 3rd period - Snap shot by Jonathan Cheechoo.
18:14 of 3rd period - Deflect By Rico Fata.
18:14 of 3rd period - Goal by Rico Fata - Gangsters : 4 - Remparts : 6.
18:15 of 3rd period - Max Reinhart wins face-off versus Ben Holmstrom in neutral zone.
19:26 of 3rd period - Snap shot by Pasi Salonen.
19:26 of 3rd period - Stopped by Mike Condon with a rebound.
19:28 of 3rd period - Wrist shot by Erik Gustafsson.
19:28 of 3rd period - Shot Blocked by Richard Panik.
Goals for this period are 0 for Gangsters vs 3 for Remparts.
Shots for this period are 10 for Gangsters vs 12 for Remparts.
Back to the Top